 Dungeon Crawl Stone Soup version 0.30.1-11-g7821555f0a (webtiles) character file.

Game seed: 16353377754508489915

556 Martska the Conjurer (level 7, -12/38 HPs)
             Began as a Deep Elf Conjurer on Nov 30, 2023.
             Was an Initiate of Vehumet.
             Mangled by an ice beast (14 damage)
             ... on level 6 of the Dungeon.
             The game lasted 00:15:06 (4588 turns).

Martska the Conjurer (Deep Elf Conjurer)            Turns: 4588, Time: 00:15:06

Health: -12/38     AC:  2    Str:  4    XL:     7   Next: 8%
Magic:  9/15       EV: 13    Int: 25    God:    Vehumet [......]
Gold:   319        SH:  0    Dex: 13    Spells: 3/14 levels left

rFire   + . .        u - staff of fire
rCold   . . .        (no shield)
rNeg    + . .        a - +0 robe
rPois   .            (no helmet)
rElec   .            j - scarf {+Inv}
rCorr   .            (no gloves)
SInv    .            (no boots)
Will    .....        (no amulet)
Stlth   ++           f - ring of positive energy
HPRegen 0.26/turn    x - ring of wizardry
MPRegen 0.14/turn

%: wizardry (x1)
@: attractive
A: no striking features
a: Renounce Religion, Evoke Invisibility


You were on level 6 of the Dungeon.
You worshipped Vehumet.
Vehumet was noncommittal.
You visited 2 branches of the dungeon, and saw 7 of its levels.

You collected 319 gold pieces.

Inventory:

Hand Weapons
 d - a +0 whip
 l - a +0 dagger of venom
 m - a +3 dagger
Missiles
 i - a throwing net
Armour
 a - a +0 robe (worn)
 j - a scarf of invisibility (worn)
Magical Staves
 u - a staff of fire (weapon)
Jewellery
 f - a ring of positive energy (left hand)
 x - a ring of wizardry (right hand)
Scrolls
 e - a scroll of summoning {unknown}
 g - a scroll of noise {unknown}
 k - a scroll of magic mapping {unknown}
 n - 2 scrolls of vulnerability
 o - a scroll of enchant armour {unknown}
 q - a scroll of fog {unknown}
 s - 2 scrolls of enchant weapon {unknown}
 t - a scroll of blinking {unknown}
 v - a scroll of teleportation {unknown}
Potions
 b - a potion of magic
 c - 3 potions of curing
 h - a potion of brilliance
 p - a potion of attraction
 r - a potion of heal wounds {unknown}
 w - a potion of might {unknown}
 z - a potion of mutation {unknown}


   Skills:
 * Level 1.6 Fighting
 - Level 3.3 Dodging
 - Level 3.4 Stealth
 - Level 4.0 Spellcasting
 * Level 6.2 Conjurations
 * Level 4.2 Hexes
 * Level 2.1 Fire Magic
 * Level 2.1 Evocations


You had 3 spell levels left.
You knew the following spells:

 Your Spells              Type           Power      Damage    Failure   Level
a - Magic Dart            Conj           100%       1d8       1%          1
b - Searing Ray           Conj           72%        2d7       1%          2
c - Fulminant Prism       Conj/Hex       15%        3d11      4%          4
d - Iskenderun's Mystic   Conj/Tloc      20%        2d6       11%         4

Your spell library contained the following spells:

 Spells                   Type           Power      Damage    Failure   Level
 Dazzling Flash           Conj/Hex       62%        N/A       1%          3
 Sandblast                Erth           10%        2d5       3%          1
 Stone Arrow              Conj/Erth      40%        3d9       3%          3
 Mephitic Cloud           Conj/Pois/Air  15%        N/A       4%          3
 Call Imp                 Summ           10%        N/A       6%          2
 Passwall                 Tmut/Erth      4%         N/A       6%          2
 Gell's Gravitas          Tloc           5%         N/A       11%         3
 Teleport Other           Tloc           5%         N/A       11%         3
 Dispersal                Tloc           2%         N/A       99%         6


Dungeon Overview and Level Annotations

Branches:
Dungeon (6/15)             Temple (1/1) D:5

Altars:
Ashenzari
Cheibriados
Elyvilon
Gozag
Qazlal
Sif Muna
Uskayaw
Vehumet
Wu Jian
Yredelemnul
Zin

Shops:
D:2 (


Message History

Casting: Searing Ray (safe; 1% risk of failure)
Confirm with . or Enter, or press ? or * to list all spells.
Aiming: Searing Ray (safe; 1% risk of failure)
Press: ? - help, Shift-Dir - straight line, f - ice beast
Aim: an ice beast (asleep, 100% to hit)
The searing ray hits the ice beast!
The ice beast is heavily wounded. (Press . to maintain the ray.)
The searing ray misses the ice beast.
The ice beast misses you.
The searing ray hits the ice beast!
The ice beast is severely wounded.
The ice beast hits you but does no damage.
The searing ray hits the ice beast but does no damage.
The ice beast is severely wounded.
You finish channelling your searing ray.
The ice beast hits you. The ice beast freezes you!
The ice beast barely misses you.
Casting: Searing Ray (safe; 1% risk of failure)
Confirm with . or Enter, or press ? or * to list all spells.
Aiming: Magic Dart (safe; 1% risk of failure)
Press: ? - help, Shift-Dir - straight line, f/p - ice beast
Aim: an ice beast (severely wounded, 100% to hit)
The magic dart hits the ice beast.
The ice beast is severely wounded.
The ice beast hits you. The ice beast freezes you.
Casting: Magic Dart (safe; 1% risk of failure)
Confirm with . or Enter, or press ? or * to list all spells.
Aiming: Magic Dart (safe; 1% risk of failure)
Press: ? - help, Shift-Dir - straight line, f/p - ice beast
Aim: an ice beast (severely wounded, 100% to hit)
The magic dart hits the ice beast.
The ice beast is almost dead.
The ice beast hits you. The ice beast freezes you!
* * * LOW HITPOINT WARNING * * *
It was a potion of attraction.
You feel attractive to monsters. The ice beast hits you.
* * * LOW HITPOINT WARNING * * *
The ice beast freezes you!
You die...

#.. #... ###
#.... ##..#
#.....
#....###....#.
#........[..#
#....Y......#
#...@..#
#..#....# #..
#.....# .
#.......
.###..#... ..
.## #. .. ..
.#. .##


You could see an ice beast.

Vanquished Creatures
  Sigmund (D:5)
  2 scorpions
  2 hounds
  An orc wizard (D:5)
  8 gnolls
  3 adders
  3 worms
  2 dart slugs
  7 orcs
  3 bats
  2 endoplasms (D:1)
  3 giant cockroaches
  8 goblins
  6 hobgoblins
  5 jackals
  11 kobolds
  2 quokkas
  12 ball pythons
  5 frilled lizards
  3 rats
89 creatures vanquished.

Vanquished Creatures (others)
  3 fulminant prisms
3 creatures vanquished.

Grand Total: 92 creatures vanquished

Notes
Turn   | Place    | Note
-------+----------+-------------------------------------------
     0 | D:1      | Martska the Deep Elf Conjurer began the quest for the Orb.
     0 | D:1      | Reached XP level 1. HP: 10/10 MP: 6/6
   290 | D:1      | Reached XP level 2. HP: 15/15 MP: 5/8
   446 | D:1      | Reached XP level 3. HP: 19/19 MP: 1/10
   619 | D:1      | Learned a level 2 spell: Searing Ray
  1253 | D:2      | Found Fosoe's Antique Weapon Boutique.
  1901 | D:2      | Reached XP level 4. HP: 24/24 MP: 6/11
  2217 | D:3      | Learned a level 4 spell: Fulminant Prism
  2453 | D:3      | Reached skill level 5 in Conjurations
  2493 | D:3      | Reached skill level 1 in Hexes
  2581 | D:3      | Found a hide-covered altar of Uskayaw.
  2678 | D:4      | Noticed a scorpion
  2684 | D:4      | Killed a scorpion
  2685 | D:4      | Reached XP level 5. HP: 28/28 MP: 9/13
  3626 | D:5      | Entered Level 5 of the Dungeon
  3716 | D:5      | Noticed Sigmund
  3728 | D:5      | Killed Sigmund
  3729 | D:5      | Reached skill level 1 in Fighting
  3729 | D:5      | Reached skill level 6 in Conjurations
  3729 | D:5      | Reached skill level 1 in Fire Magic
  3729 | D:5      | Reached skill level 1 in Evocations
  3729 | D:5      | Reached XP level 6. HP: 19/34 MP: 7/14
  3806 | D:5      | Found a staircase to the Ecumenical Temple.
  3820 | Temple   | Entered the Ecumenical Temple
  3845 | Temple   | Became a worshipper of Vehumet
  4040 | D:5      | Learned a level 4 spell: Iskenderun's Mystic Blast
  4385 | D:5      | Reached XP level 7. HP: 38/38 MP: 6/15
  4588 | D:6      | Mangled by an ice beast

Illustrated notes

Levels and vault maps discovered:
D:1:      dpeg_arrival_boxorama, layout_loops_cross, palyth_stone_intersect,
          st_stairs_1, serial_park_tiny_1, minmay_octomino_c4
D:2:      layout_basic, serial_shops, shop, item_on_display_a
D:3:      minmay_angry_zag, layout_basic, mainiacjoe_overflow_tiny_flanked
D:4:      layout_rooms
D:5:      layout_basic, minmay_temple_entry_tees, dreamdust_wishing_well,
          uniq_sigmund
D:6:      layout_cave_pools, makhleb_altar_promises_db, fedhas_ov_isle_minmay,
          minivault_22
Temple:   hellmonk_temple_micro_hex

Skill      XL: |  1  2  3  4  5  6 |
---------------+-------------------+-----
Stealth        | 3 |  3.4
Dodging        | 3 |  3.3
Spellcasting   | 4 |  4.0
Conjurations   | 5 6 |  6.2
Hexes          | 2 3 4 |  4.2
Fighting       | 1 |  1.6
Fire Magic     | 1 2 |  2.1
Evocations     | 1 2 |  2.1

Action                     |  1- 3 |  4- 6 |  7- 9 || total
---------------------------+-------+-------+-------++-------
  Melee: Whip              |    20 |       |       ||    20
         Staff             |       |     2 |       ||     2
   Cast: Magic Dart        |    73 |    95 |     2 ||   170
         Searing Ray       |     6 |     6 |     2 ||    14
         Fulminant Prism   |       |     2 |     1 ||     3
Ability: Evoke Invisibilit |       |     1 |       ||     1
    Use: Scroll            |     1 |     2 |       ||     3
         Potion            |     1 |     3 |     1 ||     5
 Armour: Robe              |     7 |     1 |     1 ||     9
  Dodge: Dodged            |    21 |    13 |     4 ||    38
